 Dungeon Crawl Stone Soup version 0.31.0-32-g396128a36d (webtiles) character file.

Game seed: 9015477187621023256

730 spaghetti the Chiller (level 7, -3/59 HPs)
             Began as an Oni Ice Elementalist on Mar 9, 2024.
             Slain by a wyvern (17 damage)
             ... on level 5 of the Dungeon.
             The game lasted 00:07:39 (5151 turns).

spaghetti the Chiller (Oni Ice Elementalist)        Turns: 5151, Time: 00:07:40

Health: -3/59      AC:  3    Str: 17    XL:     7   Next: 73%
Magic:  0/14       EV:  9    Int: 17    God:
Gold:   237        SH:  0    Dex:  8    Spells: 4/16 levels left

rFire   . . .        j - +2 scythe (venom)
rCold   . . .        (shield currently unavailable)
rNeg    . . .        a - +0 robe
rPois   .            (helmet restricted)
rElec   .            (no cloak)
rCorr   .            (gloves unavailable)
SInv    .            (boots unavailable)
Will    .....        (no amulet)
Stlth   +            (no ring)
HPRegen 0.29/turn    (no ring)
MPRegen 0.14/turn

%: no passive effects
@: about to teleport, very slightly contaminated
A: large, unfitting armour, horns 1, tough skin 1, double potion healing,
drunken brawling, mutation resistance 1, strong 1, wild magic 1
a: no special abilities


You were on level 5 of the Dungeon.
You visited 1 branch of the dungeon, and saw 5 of its levels.

You collected 237 gold pieces.

Inventory:

Hand Weapons
 j - a +2 scythe of venom (weapon)
Armour
 a - a +0 robe (worn)
Jewellery
 g - a ring of poison resistance
Wands
 h - a wand of flame (21)
Scrolls
 c - a scroll of enchant weapon
 e - a scroll of amnesia
 f - 5 scrolls of fog
 k - a scroll of blinking
 l - 5 scrolls of teleportation
 n - a scroll of vulnerability
Potions
 b - a potion of magic
 d - 2 potions of heal wounds
 i - 3 potions of mutation
 m - 2 potions of curing
 o - a potion of brilliance {unknown}
 p - a potion of berserk rage {unknown}
 q - 2 potions of invisibility
 r - a potion of lignification {unknown}


   Skills:
 - Level 1.7 Dodging
 - Level 1.4 Stealth
 - Level 5.0 Spellcasting
 * Level 4.6 Summonings
 + Level 1.6 Necromancy
 - Level 5.0 Ice Magic
 + Level 1.7 Air Magic


You had 4 spell levels left.
You knew the following spells:

 Your Spells              Type           Power      Damage    Failure   Level
a - Freeze                Ice            100%       1d10      3%          1
b - Summon Ice Beast      Ice/Summ       26%        N/A       10%         3
c - Martyr's Knell        Necr/Summ      19%        N/A       45%         4
d - Summon Lightning Spi  Summ/Air       19%        N/A       45%         4

Your spell library contained the following spells:

 Spells                   Type           Power      Damage    Failure   Level
 Frozen Ramparts          Ice            54%        1d9       9%          3
 Ozocubu's Armour         Ice            27%        N/A       9%          3
 Necrotise                Necr           48%        1d6       12%         1
 Static Discharge         Conj/Air       18%        3-4/arc   22%         2
 Vampiric Draining        Necr           12%        2d6       30%         3
 Airstrike                Air            6%         2d(1-17)  65%         4
 Curse of Agony           Necr           12%        N/A       94%         5


Dungeon Overview and Level Annotations

Branches:
Dungeon (5/15)             Temple (0/1) D:5

Altars:

Annotations:
D:5 3 runed translucent doors, kftrendy's ghost, novice TrFi


Innate Abilities, Weirdness & Mutations

You are too large for most types of armour.
You have a pair of small horns on your head.
You have tough skin. (AC +1)
You gain doubled healing and magic from potions.
Whenever you drink a healing potion, you attack all around you.
You are somewhat resistant to further mutation.
Your muscles are strong. (Str +4, Int/Dex -1)
Your spells are a little harder to cast, but a little more powerful.


Message History

The hound barely misses you. The nameless horror hits you!
You feel your power leaking away. The hound barely misses you.
The nameless horror closely misses you.
You barely miss the nameless horror.
The nameless horror is moderately damaged.
The hound bites you. The hound bites you but does no damage.
Send 'em back where they came from!
Your ice beast shudders.
You hit the nameless horror.
The nameless horror is moderately damaged.
The hound barely misses you. The hound bites you but does no damage.
The nameless horror hits you!
Your ice beast closely misses the hound.
The hound bites you. The nameless horror hits you!
* * * LOW HITPOINT WARNING * * *
Unknown command.
Unknown command.
The hound bites your ice beast.
Your ice beast hits the hound.
Your ice beast freezes the hound!
Send 'em back where they came from!
Your ice beast disappears in a puff of smoke!
Unknown command.
As you read the scroll of teleportation, it crumbles to dust.
You feel strangely unstable. The hound bites you.
* * * LOW HITPOINT WARNING * * *
The hound attacks as it pursues you! The hound bites you.
* * * LOW HITPOINT WARNING * * *
The hound attacks as it pursues you! The hound bites you but does no damage.
The nameless horror attacks as it pursues you!
The nameless horror hits you.
* * * LOW HITPOINT WARNING * * *
You feel your power leaking away. The hound bites you but does no damage.
Your surroundings suddenly seem different.
A wyvern comes into view.
Found 14 gold pieces.
As you read the scroll of teleportation, it crumbles to dust.
You feel strangely unstable.
The wyvern hisses angrily.
The wyvern bites you!
You die...

............
##................
##...#########.....
##....#...... #.....
#.....#..o)...#.....
###.....#.#...#B#.....
#.......#..# #.o#.....
#.......#.#...#S#.....
#....@..# .....#.....
#.....k..# .....#.....
#.........# +++#
#..... ###.........
...........
#.#.$...... ........
####...........#......
##..........#.....#
#.##..... ##....#
.....


You could see a wyvern and an orc wizard.

Vanquished Creatures
  A nameless horror (D:5)
  Sigmund (D:2)
  An ice beast (D:5)
  A bombardier beetle (D:5)
  A hound (D:4)
  An iguana (D:4)
  An adder (D:2)
  2 ribbon worms (D:2)
  A dart slug (D:2)
  2 orcs (D:4)
  5 ball pythons
  5 endoplasms
  2 giant cockroaches (D:1)
  3 hobgoblins
  2 jackals (D:2)
  2 bats (D:2)
  6 frilled lizards
  4 goblins
  15 kobolds
  3 rats
  A rat zombie (D:4)
60 creatures vanquished.

Vanquished Creatures (collateral kills)
  A black bear (D:5)
  A centaur (D:5)
  A scorpion (D:4)
  An iguana (D:4)
  4 adders
  A ribbon worm (D:3)
  An orc (D:4)
  A ball python (D:3)
  An endoplasm (D:2)
  A giant cockroach (D:4)
  2 hobgoblins (D:4)
  2 kobolds
  3 goblins (D:4)
  An orc zombie (D:4)
21 creatures vanquished.

Grand Total: 81 creatures vanquished

Notes
Turn   | Place    | Note
-------+----------+-------------------------------------------
     0 | D:1      | spaghetti the Oni Ice Elementalist began the quest for the
                  | Orb.
     0 | D:1      | Reached XP level 1. HP: 16/16 MP: 3/3
   256 | D:1      | Reached XP level 2. HP: 24/24 MP: 2/5
  1271 | D:2      | Reached XP level 3. HP: 23/31 MP: 3/7
  1306 | D:2      | Learned a level 3 spell: Summon Ice Beast
  1446 | D:2      | Noticed Sigmund
  1510 | D:2      | Killed Sigmund
  1511 | D:2      | Reached XP level 4. HP: 9/39 MP: 2/10
  1511 | D:2      | Reached XP level 5. HP: 10/45 MP: 2/11
  2208 | D:2      | You fall into a shaft and drop 1 floor!
  2586 | D:2      | Reached XP level 6. HP: 53/53 MP: 12/12
  2953 | D:3      | Learned a level 4 spell: Martyr's Knell
  3337 | D:3      | Gained mutation: Your muscles are strong. (Str +4, Int/Dex
                  | -1) [potion of mutation]
  3337 | D:3      | Gained mutation: Your spells are a little harder to cast,
                  | but a little more powerful. [potion of mutation]
  3337 | D:3      | Gained mutation: You are somewhat resistant to further
                  | mutation. [potion of mutation]
  3995 | D:4      | Learned a level 4 spell: Summon Lightning Spire
  4350 | D:4      | Reached skill level 5 in Ice Magic
  4742 | D:5      | Entered Level 5 of the Dungeon
  4760 | D:5      | Reached XP level 7. HP: 54/57 MP: 5/14
  4761 | D:5      | Noticed kftrendy's ghost (novice TrFi)
  4771 | D:5      | Noticed a wyvern
  4774 | D:5      | Noticed a nameless horror
  4781 | D:5      | Killed a nameless horror
  4879 | D:5      | Found a runed translucent gate.
  4879 | D:5      | Found a runed translucent gate.
  4884 | D:5      | Reached skill level 1 in Air Magic
  4884 | D:5      | Found a runed translucent gate.
  4962 | D:5      | Reached skill level 5 in Spellcasting
  4962 | D:5      | Reached skill level 1 in Necromancy
  5033 | D:5      | Found a staircase to the Ecumenical Temple.
  5138 | D:5      | Noticed a nameless horror
  5150 | D:5      | Noticed a wyvern
  5151 | D:5      | Slain by a wyvern

Illustrated notes

Levels and vault maps discovered:
D:1:      ncdulo_lavacross, layout_loops_corners, serial_aquarium,
          aquarium_bridge_square [aquarium_subvault_window,
          aquarium_subvault_bridge, aquarium_subvault_bridge,
          aquarium_subvault_bridge], aquarium_window_fake, aquarium_window_2,
          aquarium_view_2c, aquarium_balcony_double_1, aquarium_pool_1,
          minmay_misc_feat_nine_boxes
D:2:      layout_basic, serial_corexii_hall, corexii_hall_statues_t,
          chequers_hall_statues_corner_a, eino_tiny_chamber,
          minmay_goblin_kobold_house, uniq_sigmund
D:3:      layout_rooms
D:4:      layout_loops_ring, enter_ossuary_3
D:5:      layout_cave_pools, minmay_temple_entry_junction, gammafunk_ghost_split

Skill      XL: |  1  2  3  4  5  6  7 |
---------------+----------------------+-----
Spellcasting   | 3 4 5 |  5.0
Ice Magic      | 4 5 |  5.0
Summonings     | 2 3 4 |  4.6
Air Magic      | 1 |  1.7
Necromancy     | 1 |  1.6
Dodging        | |  1.7
Stealth        | |  1.4

Action                     |  1- 3 |  4- 6 |  7- 9 || total
---------------------------+-------+-------+-------++-------
  Melee: Unarmed           |    10 |       |       ||    10
         Headbutt          |     2 |    10 |     6 ||    18
         Halberd           |       |    83 |    21 ||   104
   Cast: Freeze            |    32 |     3 |       ||    35
         Summon Ice Beast  |     4 |    24 |     6 ||    34
         Martyr's Knell    |       |     7 |     4 ||    11
         Summon Lightning  |       |     1 |     1 ||     2
    Use: Potion            |     3 |     3 |     1 ||     7
         Scroll            |       |     5 |     3 ||     8
   Stab: Sleeping          |       |     3 |       ||     3
 Armour: Robe              |    22 |    56 |    27 ||   105
  Dodge: Dodged            |    15 |    34 |    10 ||    59
